Map: World map 4x4

Players

larsgj - Winner!

  • Race: Terran Terran
  • Spawn Location: 7:00

Lunarbears - Winner!

  • Race: Terran Terran
  • Spawn Location: 9:00

wasp - Winner!

  • Race: Protoss Protoss
  • Spawn Location: 12:00

A.I. 3 (Medium)

  • Race: Terran Terran
  • Spawn Location: 0:00

A.I. 4 (Medium)

  • Race: Terran Terran
  • Spawn Location: 1:00

A.I. 5 (Hard)

  • Race: Protoss Protoss
  • Spawn Location: 5:00

VOD

Have the link to the VOD?

Description

Time

  • Played on: May 16, 2020, 3:30 p.m.
  • Length: 18:13
Show
View Real Time Build Order
Export as new Build Order

larsgj Terran - Winner!

Build Orders:  

Get SALT Encoding   

  12  0:01  SCV  
  13  0:13  SCV  
  14  0:23  Supply Depot  
  14  0:53  Barracks  
  14  0:56  SCV  
  15  1:34  Command Center  
  15  1:41  SCV  
  16  1:49  Supply Depot  
  16  1:52  Marine  
  16  1:53  SCV  
  18  2:05  SCV  
  18  2:07  Engineering Bay  
  19  2:17  Supply Depot  
  19  2:18  SCV  
  20  2:30  SCV  
  21  2:42  SCV  
  22  2:44  Refinery  
  22  2:47  SCV, Refinery  
  23  2:54  SCV  
  24  2:58  Refinery  
  24  3:00  SCV  
  24  3:04  Refinery  
  25  3:09  SCV  
  25  3:12  SCV  
  27  3:21  SCV  
  27  3:24  SCV  
  29  3:36  SCV  
  30  3:48  SCV  
  31  3:51  Factory  
  31  3:58  Barracks Tech Lab  
  31  4:00  SCV  
  32  4:12  SCV  
  33  4:20  Command Center  
  33  4:24  SCV  
  34  4:36  Command Center  
  34  4:41  SCV  
  35  4:53  SCV, Armory  
  36  5:05  SCV  
  36  5:06  SCV  
  38  5:17  SCV  
  38  5:18  SCV  
  40  5:29  SCV  
  40  5:30  SCV  
  42  5:36  SCV  
  42  5:41  SCV  
  42  5:42  SCV  
  45  5:48  SCV  
  46  5:51  Starport  
  46  5:54  SCV  
  47  6:00  Terran Ship Weapons Level 1, SCV  
  48  6:13  SCV  
  48  6:14  Refinery  
  49  6:25  SCV x2  
  51  6:27  Starport  
  51  6:33  Refinery  
  51  6:37  SCV x2  
  53  6:48  Command Center  
  53  6:49  SCV x2  
  55  7:01  SCV x2, Missile Turret  
  56  7:05  Starport, Missile Turret  
  56  7:06  Missile Turret  
  56  7:07  Missile Turret  
  56  7:08  Missile Turret  
  57  7:13  SCV  
  58  7:16  Starport Tech Lab x2  
  58  7:22  Missile Turret  
  58  7:24  Fusion Core  
  58  7:28  Missile Turret  
  58  7:31  SCV  
  58  7:34  SCV  
  60  7:43  SCV  
  61  7:45  Starport Tech Lab  
  61  7:46  SCV  
  62  7:54  Terran Vehicle And Ship Armor Level 1  
  62  7:55  SCV  
  62  7:58  SCV  
  64  8:07  SCV  
  64  8:10  SCV, Missile Turret  
  66  8:19  SCV, Weapon Refit  
  67  8:22  SCV  
  67  8:24  Battlecruiser  
  67  8:25  Missile Turret  
  74  8:32  Missile Turret  
  74  8:38  Missile Turret  
  74  8:40  Missile Turret  
  74  8:43  Orbital Command  
  74  8:44  Orbital Command  
  74  8:45  Orbital Command, Missile Turret  
  74  8:47  Orbital Command  
  74  8:53  Missile Turret  
  74  9:02  Battlecruiser  
  80  9:07  Missile Turret  
  80  9:08  Battlecruiser  
  86  9:20  Supply Depot  
  86  9:28  Missile Turret  
  86  9:42  Supply Depot  
  86  9:47  Terran Ship Weapons Level 2  
  86  9:49  Missile Turret  
  86  9:51  Battlecruiser  
  92  10:04  Supply Depot  
  92  10:06  Battlecruiser  
  98  10:09  Supply Depot  
  98  10:15  Battlecruiser  
  104  10:27  Supply Depot  
  104  10:32  Supply Depot  
  104  10:37  Orbital Command  
  104  10:48  Missile Turret  
  104  10:55  Supply Depot  
  104  10:56  Battlecruiser  
  110  11:03  SCV  
  111  11:08  Missile Turret  
  111  11:11  Battlecruiser  
  117  11:12  Supply Depot  
  117  11:15  SCV  
  117  11:16  Supply Depot  
  117  11:17  Supply Depot  
  118  11:19  Battlecruiser  
  124  11:27  SCV  
  124  11:29  Missile Turret  
  125  11:34  Supply Depot  
  125  11:38  Supply Depot  
  125  11:39  SCV  
  126  11:51  SCV  
  127  11:57  Supply Depot  
  127  12:00  Battlecruiser  
  133  12:03  Terran Vehicle And Ship Armor Level 2  
  133  12:15  Battlecruiser, Refinery  
  139  12:21  Supply Depot  
  139  12:23  Battlecruiser  
  139  12:27  Refinery  
  139  12:29  Refinery  
  145  13:04  Battlecruiser  
  151  13:19  Battlecruiser  
  157  13:28  Battlecruiser  
  163  14:08  Battlecruiser  
  169  14:19  Terran Ship Weapons Level 3  
  169  14:23  Battlecruiser  
  175  14:32  Battlecruiser  
  181  15:13  Battlecruiser  
  187  15:28  Battlecruiser  
  193  15:36  Battlecruiser  
  199  15:53  Refinery  
Show
View Real Time Build Order
Export as new Build Order

Lunarbears Terran - Winner!

Build Orders:  

Get SALT Encoding   

  12  0:03  SCV  
  13  0:15  SCV  
  13  0:20  Refinery  
  14  0:28  SCV  
  15  0:37  Supply Depot  
  15  0:50  Refinery  
  15  0:59  SCV  
  16  1:07  Barracks  
  16  1:17  Supply Depot  
  16  1:23  SCV  
  17  1:35  SCV  
  18  1:45  Supply Depot  
  18  1:47  SCV  
  19  1:59  SCV  
  20  2:08  Engineering Bay  
  20  2:09  Barracks Tech Lab  
  20  2:13  Barracks Reactor  
  20  2:16  SCV  
  21  2:28  SCV  
  22  2:30  Supply Depot  
  22  2:41  SCV  
  23  2:53  SCV  
  24  3:00  Factory  
  24  3:05  SCV  
  25  3:17  SCV  
  25  3:19  Missile Turret  
  26  3:48  Command Center  
  26  3:53  Factory Tech Lab  
  26  3:54  Starport  
  26  4:07  SCV  
  27  4:13  Marine  
  27  4:14  Marine  
  29  4:20  SCV  
  30  4:31  Marine  
  30  4:32  SCV, Marine  
  33  4:43  Refinery  
  33  4:45  Refinery  
  33  4:55  SCV  
  33  4:59  Starport Tech Lab  
  34  5:06  Fusion Core  
  35  5:07  SCV  
  35  5:09  SCV  
  36  5:19  SCV  
  36  5:21  SCV  
  38  5:33  SCV  
  39  5:38  Marine x2  
  41  5:43  Terran Infantry Weapons Level 1  
  41  5:56  Marine x2  
  43  6:07  Starport  
  43  6:08  Battlecruiser  
  49  6:18  SCV  
  50  6:30  SCV  
  51  6:41  Command Center  
  51  6:42  SCV  
  52  6:54  SCV  
  53  7:04  Starport Tech Lab  
  53  7:06  SCV  
  54  7:14  Battlecruiser  
  60  7:33  Sensor Tower  
  60  7:37  Terran Infantry Armor Level 1  
  62  8:15  Raven  
  62  8:18  Battlecruiser  
  68  8:34  Armory  
  68  8:49  Battlecruiser  
  68  8:55  Refinery  
  74  8:59  SCV  
  75  9:06  Orbital Command  
  75  9:11  SCV  
  76  9:18  Orbital Command  
  76  9:23  SCV  
  77  9:36  Refinery  
  77  9:54  Supply Depot  
  77  10:16  SCV  
  77  10:17  Supply Depot  
  78  10:35  Battlecruiser  
  84  10:39  Battlecruiser  
  88  11:08  Supply Depot  
  88  11:10  Terran Ship Weapons Level 1  
  88  11:40  Supply Depot  
  88  11:45  Supply Depot  
  88  11:50  Supply Depot  
  88  11:52  Battlecruiser  
  88  11:53  Battlecruiser  
  100  12:26  Supply Depot  
  100  12:33  Supply Depot  
  100  12:40  Supply Depot  
  99  12:57  Battlecruiser x2  
  111  13:04  Terran Vehicle And Ship Armor Level 1  
  111  13:16  Command Center  
  111  14:01  Starport, Battlecruiser x2  
  123  14:05  Supply Depot  
  123  14:52  Starport Tech Lab  
  123  14:58  Terran Ship Weapons Level 2  
  123  15:05  Battlecruiser  
  123  15:06  Starport, Battlecruiser  
  135  15:10  Battlecruiser  
  141  15:29  SCV  
  142  15:41  SCV  
  143  15:51  Starport Tech Lab  
  143  15:53  SCV  
  144  16:03  Command Center  
  144  16:09  Battlecruiser  
  144  16:10  Battlecruiser  
Show
View Real Time Build Order
Export as new Build Order

wasp Protoss - Winner!

Build Orders:  

Get SALT Encoding   

  12  0:25  Pylon  
  12  0:32  Pylon  
  12  0:52  Assimilator  
  12  1:00  Assimilator  
  12  1:24  Gateway  
  12  1:30  Forge  
  12  1:40  Pylon  
  12  1:55  Pylon  
  12  2:16  Probe  
  13  2:28  Probe  
  14  2:40  Probe  
  15  2:52  Probe  
  16  3:05  Probe  
  17  3:17  Photon Cannon  
  17  3:38  Photon Cannon  
  17  3:47  Pylon  
  17  4:10  Pylon  
  17  4:37  Cybernetics Core  
  17  5:29  Stargate  
  17  5:36  Robotics Facility  
  17  5:41  Pylon  
  17  6:26  Warp Prism  
  17  6:30  Zealot  
  21  7:47  Adept  
  23  8:17  Adept  
  25  8:47  Adept  
  27  9:17  Adept  
  29  9:27  Nexus  
  29  9:32  Assimilator  
  29  9:35  Assimilator  
  29  9:47  Adept  
  35  10:07  Void Ray  
  35  10:30  Stalker  
  37  10:46  Warp Prism  
  39  11:18  Probe  
  40  11:30  Probe  
  41  11:42  Probe  
  42  11:54  Probe  
  42  12:01  Fleet Beacon  
  43  12:27  Robotics Bay  
  43  13:33  Warp Gate  
  35  15:37  Stalker  
Show
View Real Time Build Order
Export as new Build Order

A.I. 3 (Medium) Terran 

Build Orders:  

Get SALT Encoding   

  12  0:01  SCV  
  13  0:13  SCV  
  14  0:22  Supply Depot  
  14  0:25  SCV  
  15  0:43  SCV  
  16  0:50  Barracks  
  16  0:55  SCV  
  16  0:56  Refinery  
  17  1:08  SCV  
  18  1:27  Supply Depot  
  18  1:37  Orbital Command, Marine  
  19  1:46  Barracks  
  19  1:56  Refinery, Barracks Tech Lab  
  19  2:14  Marine  
  20  2:30  Supply Depot  
  20  2:32  Marauder  
  22  2:38  Marine  
  23  2:53  Marine  
  24  3:03  Marine  
  24  3:04  Supply Depot  
  25  3:15  Marine  
  25  3:17  SCV  
  27  3:27  Marine  
  27  3:30  SCV  
  29  3:37  Engineering Bay  
  29  3:39  Marine  
  30  3:42  SCV  
  31  3:54  SCV  
  32  3:57  Marauder  
  34  4:04  Marine  
  34  4:06  SCV  
  36  4:11  Supply Depot  
  36  4:18  SCV  
  36  4:19  Marauder  
  39  4:40  Marauder  
  41  6:27  Barracks Tech Lab  
  41  6:28  Marine  
  41  6:32  Command Center, Factory  
  42  6:38  Factory  
  42  6:45  Ghost Academy  
  42  6:48  Missile Turret  
  42  6:50  Missile Turret  
  42  6:55  Sensor Tower  
  42  7:02  Barracks  
  42  7:13  Ghost  
  44  7:18  Bunker  
  44  7:22  Starport  
  44  7:23  Factory Tech Lab x2  
  44  7:32  Armory  
  44  7:45  SCV  
  44  7:47  Refinery  
  44  7:48  SCV  
  46  7:51  Missile Turret  
  46  7:55  Missile Turret, Barracks Reactor  
  46  7:57  SCV  
  47  7:58  Starport Tech Lab  
  47  8:00  SCV  
  48  8:09  SCV  
  48  8:12  SCV  
  52  8:21  SCV  
  52  8:24  SCV  
  52  8:25  Raven  
  54  8:33  SCV  
  55  8:36  SCV  
  56  8:45  SCV  
  57  8:49  SCV  
  58  8:56  Refinery  
  58  8:57  SCV  
  58  9:01  SCV  
  62  9:06  Supply Depot  
  62  9:08  Raven  
  63  9:10  SCV  
  63  10:27  Command Center  
  63  10:53  Medivac  
  63  10:55  Terran Ship Weapons Level 1, Hi-Sec Auto Tracking  
  65  11:02  Fusion Core  
  65  11:04  Supply Depot  
  65  11:13  Engineering Bay  
  65  11:23  Banshee  
  68  11:30  Supply Depot  
  68  11:41  SCV  
  68  11:44  SCV  
  70  11:47  SCV, Refinery  
  70  11:51  Armory  
  70  11:53  Starport, SCV  
  72  11:56  SCV  
  72  11:57  Refinery  
  72  11:59  SCV  
  72  12:00  Supply Depot  
  70  12:05  SCV  
  70  12:06  Medivac  
  63  12:09  SCV  
  63  12:11  SCV  
  65  12:17  SCV  
  65  12:21  SCV  
  67  12:23  SCV  
  67  12:29  SCV, Viking  
  71  12:33  SCV  
  71  12:36  SCV  
  75  12:44  Raven  
  75  12:49  Marine  
  75  12:51  SCV  
  73  12:54  SCV, Missile Turret  
  73  12:57  SCV  
  73  12:58  Supply Depot  
  60  12:59  Medivac  
  60  13:03  SCV  
  60  13:04  Marine  
  56  13:06  SCV  
  56  13:13  Factory  
  56  13:15  SCV  
  52  13:27  SCV, Supply Depot  
  50  13:38  Starport Tech Lab  
Show
View Real Time Build Order
Export as new Build Order

A.I. 4 (Medium) Terran 

Build Orders:  

Get SALT Encoding   

  12  0:01  SCV  
  13  0:13  SCV  
  14  0:19  Supply Depot  
  14  0:25  SCV  
  15  0:40  SCV  
  16  0:45  Barracks  
  16  0:51  Refinery  
  16  0:52  SCV  
  17  1:04  SCV  
  18  1:17  Supply Depot  
  18  1:32  Marine  
  19  1:34  Orbital Command, Barracks  
  19  1:43  Refinery  
  19  1:50  Barracks Tech Lab  
  19  2:09  Marine  
  20  2:16  Supply Depot  
  20  2:20  Marine  
  21  2:32  Marine  
  22  2:43  Marine  
  23  2:48  Supply Depot  
  23  2:55  Marine  
  24  3:00  SCV  
  25  3:06  Marine  
  25  3:12  SCV  
  27  3:16  Engineering Bay  
  27  3:18  Marauder  
  29  3:24  SCV  
  30  3:29  Marine  
  31  3:36  SCV  
  31  3:41  Marauder  
  34  3:48  SCV  
  35  3:52  Marine  
  35  3:53  Supply Depot  
  36  4:00  SCV  
  37  4:04  Marauder  
  39  4:25  Marauder  
  41  6:25  Barracks Tech Lab  
  41  6:29  Factory  
  41  6:30  Command Center  
  41  6:34  Factory  
  41  6:36  Supply Depot  
  41  6:38  Missile Turret  
  41  6:39  Missile Turret  
  41  6:46  Sensor Tower  
  41  6:51  Barracks  
  41  7:01  Bunker  
  41  7:12  Factory Tech Lab  
  41  7:15  Armory  
  41  7:20  Starport  
  41  7:21  Factory Tech Lab  
  41  7:31  Siege Tank  
  44  7:39  Barracks Reactor  
  44  7:44  SCV, Siege Tank  
  45  7:47  SCV  
  45  7:49  Refinery  
  49  7:53  Missile Turret  
  49  7:56  SCV, Missile Turret  
  49  7:57  Starport Tech Lab  
  50  7:59  SCV  
  50  8:00  Refinery  
  50  8:03  Cyclone  
  54  8:08  SCV  
  54  8:11  SCV  
  58  8:20  SCV  
  58  8:22  Bunker  
  58  8:23  SCV  
  58  8:24  Raven  
  60  8:28  Bunker  
  60  8:32  SCV  
  61  8:35  SCV  
  62  8:44  SCV  
  62  8:47  SCV  
  64  8:56  SCV  
  64  8:59  SCV  
  68  9:07  Raven  
  68  9:08  SCV  
  69  9:11  SCV  
  69  9:16  Supply Depot  
  70  9:21  SCV  
  70  9:23  SCV  
  72  9:33  SCV  
  72  9:35  SCV  
  74  9:45  SCV  
  75  9:48  SCV  
  76  9:54  Supply Depot  
  76  9:57  SCV  
  77  10:00  SCV  
  78  10:09  SCV  
  79  11:23  Medivac  
  79  11:25  Terran Ship Weapons Level 1  
  81  11:26  Hi-Sec Auto Tracking  
  81  11:30  Starport  
  81  11:37  Fusion Core  
  81  11:39  Supply Depot  
  81  11:40  Command Center  
  81  11:52  Ghost Academy  
  81  11:53  Viking  
  83  11:58  Engineering Bay  
  83  12:06  Armory, Medivac  
  85  12:08  Supply Depot  
  85  12:22  Banshee  
  88  12:34  Supply Depot  
  86  12:37  Starport Reactor  
  81  12:53  SCV  
  81  12:57  SCV  
  80  13:00  SCV  
  81  13:05  SCV  
  81  13:07  Refinery  
  81  13:09  SCV  
  85  13:13  Viking  
  85  13:14  Raven  
  85  13:15  Terran Vehicle And Ship Armor Level 1  
  85  13:17  Missile Turret  
  87  13:21  Missile Turret  
  87  13:31  Viking  
  89  13:45  Bunker  
  91  13:57  Raven  
  91  14:31  Battlecruiser  
  97  15:01  SCV, Viking  
  97  15:04  SCV  
  90  15:07  SCV  
  90  15:13  Medivac  
  64  15:14  Command Center  
  64  15:16  SCV  
  64  15:19  SCV  
  48  15:31  SCV  
  45  15:39  Sensor Tower  
  2  16:26  SCV  
  1  16:38  SCV  
  2  16:50  SCV  
  3  17:02  SCV  
  4  17:08  Supply Depot  
Show
View Real Time Build Order
Export as new Build Order

A.I. 5 (Hard) Protoss 

Build Orders:  

Get SALT Encoding   

  12  0:01  Probe  
  13  1:00  Probe  
  14  1:17  Pylon  
  14  1:19  Probe  
  15  1:31  Probe  
  16  2:10  Nexus  
  16  2:19  Probe, Assimilator  
  17  2:41  Gateway  
  17  2:42  Probe  
  18  2:53  Assimilator  
  18  2:56  Probe  
  19  3:06  Probe  
  19  3:09  Pylon  
  20  3:15  Probe  
  21  3:23  Probe  
  21  3:33  Probe  
  23  3:45  Cybernetics Core  
  23  3:48  Probe  
  24  4:00  Probe  
  25  4:09  Probe  
  26  4:25  Stargate  
  26  4:29  Stargate  
  26  4:31  Pylon  
  26  5:01  Phoenix  
  26  5:07  Phoenix  
  30  5:26  Probe  
  30  5:32  Probe  
  32  5:41  Void Ray  
  36  5:43  Forge  
  36  6:01  Robotics Facility  
  36  6:18  Probe x2, Assimilator  
  38  6:27  Probe x2  
  40  6:34  Stargate  
  40  6:35  Probe x2  
  42  6:44  Probe, Stalker  
  45  6:48  Probe  
  45  6:49  Warp Prism  
  45  6:53  Pylon  
  48  6:56  Probe  
  48  7:00  Probe  
  50  7:04  Protoss Air Weapons Level 1  
  50  7:08  Probe  
  51  7:12  Probe  
  52  7:20  Probe  
  51  7:24  Probe  
  51  7:27  Stalker  
  54  7:32  Probe  
  54  7:34  Probe  
  56  7:38  Pylon  
  56  7:42  Probe  
  56  7:44  Probe  
  56  7:50  Probe  
  58  7:56  Probe  
  58  7:57  Stalker  
  62  8:03  Probe  
  63  8:06  Pylon  
  63  8:09  Probe  
  68  8:13  Void Ray  
  68  8:15  Probe  
  68  8:17  Void Ray  
  69  8:21  Probe  
  75  8:27  Probe  
  75  8:30  Pylon  
  75  8:33  Probe  
  76  8:40  Phoenix  
  78  8:45  Photon Cannon  
  78  8:48  Probe  
  79  8:51  Probe  
  79  8:53  Photon Cannon  
  79  8:54  Observer  
  81  8:56  Pylon  
  81  9:00  Probe  
  81  9:01  Pylon  
  82  9:03  Probe, Protoss Air Armor Level 1  
  82  9:07  Pylon  
  83  9:12  Probe  
  83  9:14  Twilight Council, Observer  
  83  9:15  Probe  
  86  9:23  Gateway  
  86  9:25  Gateway  
  86  9:30  Phoenix  
  86  9:32  Photon Cannon  
  86  9:36  Photon Cannon  
  84  9:50  Forge  
  84  9:52  Phoenix  
  86  10:27  Warp Prism  
  88  10:32  Robotics Facility  
  88  10:33  Nexus, Stargate  
  88  10:41  Fleet Beacon  
  86  11:03  Warp Prism  
  88  11:19  Observer, Tempest  
  88  11:25  Tempest  
  99  11:42  Pylon  
  99  11:55  Assimilator  
  99  11:57  Pylon, Oracle  
  99  12:00  Pylon  
  102  12:21  Robotics Bay  
  102  12:24  Photon Cannon  
  102  12:26  Photon Cannon  
  102  12:45  Phoenix  
  102  13:02  Gravitic Drive  
  102  13:15  Protoss Air Weapons Level 2  
  102  13:39  Protoss Shields Level 1  
  102  13:56  Gravitic Boosters  
  102  14:11  Nexus  
  102  14:13  Probe, Stalker  
  104  14:18  Stalker  
  104  14:23  Stalker  
  108  14:40  Stalker  
  110  14:46  Phoenix  
  110  14:48  Stalker  
  114  14:53  Stalker  
  116  15:03  Stalker  
  116  15:06  Blink  
  116  15:13  Stalker  
  117  15:14  Observer  
  117  15:18  Stalker  
  122  15:32  Pylon  
  122  15:40  Assimilator  
  122  15:42  Assimilator  
  120  16:33  Probe  
  120  16:36  Probe  
  120  16:37  Phoenix, Probe  
  120  16:39  Probe  
  110  16:43  Zealot  
  110  16:45  Probe  
  110  16:47  Zealot, Stalker  
  90  16:48  Probe  
  90  16:49  Probe  
  90  16:51  Probe, Assimilator  
  78  16:57  Probe  
  78  17:00  Probe  
  70  17:01  Probe  
  70  17:03  Probe  
  70  17:04  Photon Cannon  
  70  17:06  Templar Archives  
  67  17:12  Probe  
  67  17:13  Probe  
  67  17:15  Probe  
  64  17:18  Assimilator  
  64  17:22  Pylon  
  50  17:23  Probe  
  50  17:27  Probe, Forge  
  50  17:28  Forge  
  45  17:31  Pylon  
  38  17:38  Nexus  
  38  17:47  Nexus  
  34  17:53  Nexus  
  32  18:02  Nexus  
Tags
 
Add a new tag
Caveats
  • Supply blocks, unpowered buildings, or Contaminate may cause inaccurate times.
  • Supply counts are checked every 10 seconds.